 Dungeon Crawl Stone Soup version 0.20-a0-1127-g1289703 (webtiles) character file.

100 HankScorpio the Firebug (level 4, -6/24 HPs)
             Began as a Deep Elf Fire Elementalist on May 19, 2017.
             Mangled by Grinder (7 damage)
             ... on level 3 of the Dungeon.
             The game lasted 00:06:40 (3193 turns).

HankScorpio the Firebug (DEFE)                      Turns: 3193, Time: 00:06:41

Health: -6/24      AC:  3    Str:  5    XL:     4   Next: 47%
Magic:  1/12       EV: 13    Int: 21    God:
Gold:   40         SH:  0    Dex: 15    Spells: 1/11 levels left

rFire    . . .     SeeInvis .   b - staff of energy
rCold    . . .     Gourm    .   (no shield)
rNeg     . . .     Faith    .   i - +0 robe
rPois    .         Spirit   .   (no helmet)
rElec    .         Reflect  .   x - +0 cloak
rCorr    .         Harm     +   (no gloves)
MR       .....                  (no boots)
Stlth    ++........             e - amulet of harm
Regen    0.1/turn               (no ring)
MPRegen  0.2/turn               (no ring)

@: no status effects
A: no striking features
a: no special abilities


You were on level 3 of the Dungeon.
You were not hungry.

You visited 1 branch of the dungeon, and saw 4 of its levels.

You collected 40 gold pieces.

Inventory:

Hand Weapons
 a - a +0 hunting sling
 n - a +0 antimagic mace
Missiles
 l - 127 stones (quivered)
Armour
 i - a +0 robe (worn)
 x - a +0 cloak (worn)
Magical Staves
 b - an uncursed staff of energy (weapon)
Jewellery
 e - an amulet of harm (around neck)
 j - an uncursed ring of resist corrosion {unknown}
 m - a cursed ring of loudness {unknown}
 w - a +3 ring of strength {unknown}
Scrolls
 g - a scroll of teleportation {unknown}
 k - a scroll of remove curse {unknown}
 p - a scroll of immolation {unknown}
 q - 2 scrolls of enchant weapon {unknown}
 s - a scroll of enchant armour {unknown}
 t - 4 scrolls of identify {unknown}
 u - a scroll of fog {unknown}
Potions
 d - a potion of agility
 f - 2 potions of curing {unknown}
 h - 2 potions of invisibility {unknown}
 o - a potion of mutation {unknown}
 r - 4 potions of brilliance {unknown}
 z - a potion of might {unknown}
Books
 v - a book of Flames

   Spells                             Type                      Level
   a - Flame Tongue                   Conjuration/Fire             1
   b - Throw Flame                    Conjuration/Fire             2
   c - Conjure Flame                  Conjuration/Fire             3
   d - Inner Flame                    Hexes/Fire                   3
   e - Sticky Flame                   Conjuration/Fire             4
   f - Fireball                       Conjuration/Fire             5
Comestibles
 c - 4 bread rations
 B - a meat ration


   Skills:
 - Level 2.4 Dodging
 - Level 2.4 Stealth
 + Level 4.0 Spellcasting
 + Level 1.9 Conjurations
 * Level 5.0 Fire Magic
 + Level 0.2 Evocations


You had one spell level left.
You knew the following spells:

 Your Spells              Type           Power        Failure   Level  Hunger
a - Flame Tongue          Conj/Fire      ###..        2%          1    None
b - Throw Flame           Conj/Fire      ###...       4%          2    None
c - Sticky Flame          Conj/Fire      ###.....     28%         4    None
d - Conjure Flame         Conj/Fire      ###.....     9%          3    None


Dungeon Overview and Level Annotations

Branches:
Dungeon (4/15)
 Temple: D:4-7

Altars:
Fedhas

Annotations:
D:3 Grinder


Message History

Aiming: Sticky Flame
Press: ? - help, Shift-Dir - straight line, f/p - Grinder
Aim: Grinder (lightly wounded, covered in liquid flames)
The sticky flame hits Grinder.
Grinder is moderately wounded.
Grinder is covered in liquid flames!
Grinder burns!
Grinder gestures at you. Pain shoots through your body!
Ouch! That really hurt!
Casting: Sticky Flame
Confirm with . or Enter, or press ? or * to list all spells.
You don't have enough magic to cast that spell.
Unknown command.
Grinder burns!
Grinder hits you.
You climb upwards.
There is a stone staircase leading down here.
Grinder burns!
Grinder hits you.
* * * LOW HITPOINT WARNING * * *
You writhe in agony.
You die...

#.######### #.........#
#.#######.# #.# #.# #.# #.#
#####.# #.# ....#.# #.#
###.#.#######.#####
.)..............@>#
.##############.#5#
..............#.#.#
.[###########.#.#.### ..#
#.#.#)#.# ..#######
#.#.#.#.######## ........#
#.#.#<.........#
#.#####.#####.#.#.########.#
#.# #.........#..........#


You could see Grinder (burning).

Vanquished Creatures
  2 adders
  2 worms
  A dart slug (D:1)
  4 leopard geckos
  An orc (D:3)
  2 ball pythons
  9 bats
  5 giant cockroaches
  6 hobgoblins
  11 jackals
  5 kobolds
  2 quokkas
  4 frilled lizards
  5 goblins
  5 rats
64 creatures vanquished.

Notes
Turn   | Place    | Note
-------+----------+-------------------------------------------
     0 | D:1      | HankScorpio the Deep Elf Fire Elementalist began the quest for the Orb.
     0 | D:1      | Reached XP level 1. HP: 10/10 MP: 6/6
    83 | D:1      | Reached XP level 2. HP: 11/15 MP: 1/8
   528 | D:1      | Reached skill level 4 in Fire Magic
  1056 | D:1      | Reached XP level 3. HP: 18/19 MP: 8/10
  2186 | D:2      | Reached XP level 4. HP: 24/24 MP: 5/11
  2912 | D:3      | Learned a level 3 spell: Conjure Flame
  2917 | D:3      | Learned a level 4 spell: Sticky Flame
  2920 | D:3      | Learned a level 2 spell: Throw Flame
  2923 | D:3      | Found a blossoming altar of Fedhas.
  3028 | D:3      | Reached skill level 5 in Fire Magic
  3186 | D:4      | Noticed Grinder
  3193 | D:3      | HP: 1/24 [Grinder (7)]
  3193 | D:3      | Mangled by Grinder

Vault maps used:
D:1:      dpeg_arrival_prison
D:2:      first_bread
D:3:      nicolae_overflow_hidden_temple, roderic_lattice_a
D:4:      serial_shops, shop, enter_ossuary_5, uniq_grinder,
          uniq_crazy_yiuf_cottage

Skill      XL: |  1  2  3  4 |
---------------+-------------+-----
Fire Magic     | 4 5 |  5.0
Spellcasting   | 4 |  4.0
Dodging        | |  2.4
Stealth        | |  2.4
Conjurations   | |  1.9
Evocations     | |  0.2

Action                   |  1- 3 |  4- 6 || total
-------------------------+-------+-------++-------
 Fire: Hunting sling     |    44 |     9 ||    53
 Cast: Flame Tongue      |    68 |    27 ||    95
       Throw Flame       |       |     9 ||     9
       Sticky Flame      |       |     2 ||     2
  Eat: Chunk             |     3 |     4 ||     7
Armor: Robe              |     8 |     2 ||    10
Dodge: Dodged            |    35 |    13 ||    48
